AoeStats
← THL

Arabia

507629538Analyzed
4v4 RM · 14d ago on Sep 19, 2026· 36m 55s· 8 players
Game mode
Random Map
Map size
Large (8 player)
Population
200
Speed
Normal
Resources
Standard
Victory
Conquest
Starting age
Dark Age
Ending age
Imperial Age
RankedLock teamsTeams togetherTeam positionsShared explorationLock speedFull tech treeHidden civsTurbo modeCheats
Victory
Defeat
🇧🇷 Ethiopians · Brazil
1830
+6
🇦🇷 Persians · Argentina
1741
+8
🇸🇬 Franks · Singapore
1687
+10
🇻🇳 Britons · Vietnam
1562
+15
🇲🇽 Britons · Mexico
1748
-16
🇺🇸 Franks · United States
1504
-8
🇨🇷 Ethiopians · Costa Rica
1497
-8
🇲🇽 Slavs · Mexico
1478
-7
Vegeta
5:54 Loom
8:32 Feudal Age
9:10 Double-Bit Axe
14:44 Scale Barding Armor
17:04 Forging
18:34 Wheelbarrow
22:15 Castle Age
20:40 Gold Mining
22:18 Light Cavalry
22:59 Husbandry
23:30 Chain Barding Armor
29:04 Gold Shaft Mining
THL
6:34 Loom
8:54 Feudal Age
9:31 Double-Bit Axe
12:42 Fletching
15:11 Padded Archer Armor
22:05 Castle Age
22:21 Gold Mining
22:12 Horse Collar
22:08 Crossbowman
22:52 Bodkin Arrow
24:23 Ballistics
28:25 Leather Archer Armor
31:09 Wheelbarrow
31:59 Bow Saw
38:24 Imperial Age
38:32 Imperial Age
Mati
7:07 Loom
9:12 Feudal Age
9:49 Double-Bit Axe
9:47 Horse Collar
15:47 Wheelbarrow
16:21 Scale Barding Armor
19:31 Forging
20:01 Bloodlines
26:07 Castle Age
27:10 Iron Casting
25:58 Light Cavalry
26:38 Husbandry
27:04 Bow Saw
27:04 Town Watch
28:18 Chain Barding Armor
27:49 Gold Mining
29:49 Gold Shaft Mining
32:13 Stone Mining
33:16 Hand Cart
APZz_
6:10 Loom
8:45 Feudal Age
9:56 Town Watch
11:37 Double-Bit Axe
13:34 Fletching
22:41 Castle Age
20:34 Gold Mining
21:20 Horse Collar
23:17 Bodkin Arrow
22:42 Crossbowman
23:43 Bow Saw
25:14 Padded Archer Armor
26:03 Ballistics
27:09 Gold Shaft Mining
26:35 Heavy Plow
27:15 Wheelbarrow
31:39 Thumb Ring
32:02 Stone Mining
MooN | MooN
5:37 Loom
8:39 Feudal Age
12:33 Fletching
15:19 Double-Bit Axe
16:35 Padded Archer Armor
23:25 Castle Age
22:11 Horse Collar
23:33 Crossbowman
24:10 Bodkin Arrow
25:56 Ballistics
29:10 Leather Archer Armor
29:31 Wheelbarrow
28:59 Town Watch
32:04 Bow Saw
31:54 Heavy Plow
31:49 Gold Mining
Daniel Lothbrok
5:38 Loom
9:14 Feudal Age
10:30 Double-Bit Axe
12:13 Horse Collar
13:06 Fletching
13:17 Padded Archer Armor
17:26 Gold Mining
22:29 Wheelbarrow
26:00 Castle Age
26:02 Crossbowman
26:47 Thumb Ring
26:40 Bodkin Arrow
30:33 Hand Cart
35:34 Gold Shaft Mining
35:37 Bow Saw
36:20 Ballistics
TurkeyBaster
9:35 Feudal Age
9:24 Loom
10:05 Double-Bit Axe
17:51 Scale Barding Armor
18:25 Forging
24:12 Castle Age
25:19 Chain Barding Armor
25:19 Husbandry
26:12 Bow Saw
Wolobo
9:52 Feudal Age
10:41 Double-Bit Axe
11:38 Bloodlines
15:21 Scale Barding Armor
16:18 Forging
19:14 Loom
22:51 Castle Age
23:54 Chain Barding Armor
23:36 Husbandry
23:09 Light Cavalry
29:26 Town Watch
33:36 Fletching
Connection lost

Rejoining the realm…

Still unreachable

The connection could not be restored.

Session expired

The server has moved on; the page needs a fresh start.